 Dungeon Crawl Stone Soup version 0.18.1-48-g4cf74bf (console) character file.

1170 Kloppie the Skirmisher (level 8, -4/65 HPs)
             Began as a Human Fighter on July 29, 2016.
             Was a Believer of the Shining One.
             Slain by an orc warrior
             ... wielding a +0 hand axe
              (6 damage)
             ... on level 5 of the Dungeon.
             The game lasted 00:09:42 (4975 turns).

Kloppie the Skirmisher (Human Fighter)              Turns: 4975, Time: 00:09:43

Health: -4/65      AC:  8    Str: 17    XL:     8   Next: 68%
Magic:  8/8        EV:  7    Int:  8    God:    the Shining One [**....]
Gold:   158        SH: 10    Dex: 15    Spells: 0 memorised, 7 levels left

rFire  + . .     SeeInvis .     a - +0 flail
rCold  . . .     Gourm    .     b - +0 scale mail
rNeg   + . .     Faith    .     c - +0 shield
rPois  .         Spirit   .     D - +2 hat of the High Council {Archmagi, Wiz- Stlth-}
rElec  .         Dismiss  .     (no cloak)
rCorr  +         Reflect  .     (no gloves)
SustAt .         Harm     .     (no boots)
MR     .....                    l - amulet of magic regeneration
Stlth  ..........               v - ring of protection from fire (curse)
                                g - ring of resist corrosion

@: glowing, not resistant to hostile enchantments, extremely unstealthy
A: no striking features
a: Divine Shield, Renounce Religion


You were on level 5 of the Dungeon.
You worshipped the Shining One.
The Shining One was pleased with you.
You were not hungry.

You visited 1 branch of the dungeon, and saw 5 of its levels.
You also visited: Sewer.

You collected 158 gold pieces.

Inventory:

Hand Weapons
 a - a +0 flail (weapon)
Armour
 b - a +0 scale mail (worn)
 c - a +0 shield (worn)
 p - a +0 plate armour
 D - the +2 hat of the High Council (worn) {Archmagi, Wiz- Stlth-}
   (You found it on level 4 of the Dungeon)

   It makes you less stealthy.
Jewellery
 g - a ring of resist corrosion (left hand)
 j - an uncursed ring of magical power
 l - an amulet of magic regeneration (around neck)
 v - a cursed ring of protection from fire (right hand)
Scrolls
 e - a scroll of enchant armour {unknown}
 h - 2 scrolls of recharging
 m - a scroll of remove curse
 n - 4 scrolls of teleportation {unknown}
 o - a scroll of enchant weapon {unknown}
 q - a scroll of noise {unknown}
 u - 4 scrolls of fog {unknown}
 y - 2 scrolls of blinking {unknown}
 B - a scroll of fear {unknown}
Potions
 d - 2 potions of might
 i - a potion of haste
 r - 3 potions of brilliance
 s - 4 potions of heal wounds
 w - 6 potions of curing
 z - 2 potions of flight {unknown}
 C - a potion of magic {unknown}
Comestibles
 f - 5 bread rations
 k - 3 chunks of flesh
 t - 2 slices of pizza
 x - 5 fruits
 A - a meat ration


   Skills:
 + Level 6.3 Fighting
 + Level 6.0 Maces & Flails
 - Level 3.0 Armour
 + Level 6.3 Shields


You had 7 spell levels left.
You didn't know any spells.

Dungeon Overview and Level Annotations

Branches:
Dungeon (5/15)
 Temple: D:4-7

Altars:
Cheibriados
Dithmenos
Nemelex Xobeh
Okawaru
Xom
The Shining One


Message History

The crimson imp blinks!
An orc warrior, an orc priest and an orc wizard come into view.
The orc warrior shouts!
The orc priest shouts!
The orc wizard shouts!
The orc warrior moves out of view.
You hit the crimson imp but do no damage.
The crimson imp drinks a potion.
The crimson imp seems to grow stronger.
You closely miss the crimson imp.
The orc priest calls down the wrath of Beogh upon you.
Pain shoots through your body!
* * * LOW HITPOINT WARNING * * *
The orc warrior hits you with a hand axe!
* * * LOW HITPOINT WARNING * * *
The crimson imp hits you.
* * * LOW HITPOINT WARNING * * *
You thump the crimson imp!
You kill the crimson imp!
The Shining One accepts your kill. You block the orc priest's attack.
The orc warrior hits you with a hand axe.
You die...

##### #... ##.##
######...####
#o@....#....#
#o####...##.#
... ##.###.#
###o
###.###.######
#.
#..............
..
...#.....######.
#. ######..# #.
#..# #..#


You could see an orc warrior, an orc priest and an orc wizard.

Vanquished Creatures
  The ghost of sheala the Thaumaturge, a novice DEAE (D:4)
  A sky beast (D:5)
  A phantom (D:4)
  2 giant frogs (Sewer)
  A crimson imp (D:5)
  A jelly (D:3)
  An orc wizard (D:4)
  2 orc priests (D:4)
  Natasha (twice) (D:3)
  4 gnolls
  16 adders
  5 river rats
  A shadow imp (D:5)
  An ooze (Sewer)
  An adder skeleton (D:4)
  2 worms
  3 dart slugs
  2 giant geckos
  17 orcs
  6 bats
  A giant cockroach (D:1)
  9 goblins
  7 hobgoblins
  9 jackals
  4 kobolds
  11 ball pythons
  4 giant newts
  31 rats
146 creatures vanquished.

Vanquished Creatures (others)
  A gnoll (D:4)
  An orc (D:4)
2 creatures vanquished.

Grand Total: 148 creatures vanquished

Notes
Turn   | Place    | Note
--------------------------------------------------------------
     0 | D:1      | Kloppie the Human Fighter began the quest for the Orb.
     0 | D:1      | Reached XP level 1. HP: 18/18 MP: 1/1
    10 | D:1      | Noticed a giant frog
   251 | D:1      | Reached XP level 2. HP: 24/24 MP: 2/2
   441 | D:1      | Reached XP level 3. HP: 22/29 MP: 3/3
   955 | D:2      | Found a glowing golden altar of the Shining One.
   960 | D:2      | Found a snail-covered altar of Cheibriados.
   967 | D:2      | Found a sparkling altar of Nemelex Xobeh.
  1125 | D:2      | Became a worshipper of the Shining One
  1467 | D:3      | The Shining One protects you from harm!
  1476 | D:3      | Reached XP level 4. HP: 12/37 MP: 4/4
  1691 | D:3      | Noticed Natasha
  1698 | D:3      | Killed Natasha
  1698 | D:3      | Reached XP level 5. HP: 31/42 MP: 5/5
  1938 | D:3      | Found a shimmering altar of Xom.
  1941 | D:3      | Found a shadowy altar of Dithmenos.
  1962 | D:3      | Noticed Natasha
  1968 | D:3      | Killed Natasha
  2212 | D:3      | Found an iron altar of Okawaru.
  2312 | D:4      | Reached XP level 6. HP: 43/48 MP: 6/6
  2351 | D:4      | Reached * piety under the Shining One
  2430 | D:4      | Found a glowing drain.
  2523 | Sewer    | Entered a sewer
  3591 | Sewer    | Reached XP level 7. HP: 42/55 MP: 7/7
  3871 | Sewer    | Reached skill level 5 in Fighting
  3871 | Sewer    | Reached skill level 5 in Shields
  4145 | D:4      | Reached skill level 5 in Maces & Flails
  4175 | D:4      | Noticed sheala's ghost (novice DEAE)
  4219 | D:4      | Killed sheala's ghost
  4219 | D:4      | Reached ** piety under the Shining One
  4219 | D:4      | Reached XP level 8. HP: 50/64 MP: 8/8
  4870 | D:5      | Entered Level 5 of the Dungeon
  4974 | D:5      | HP: 2/64 [crimson imp (2)]
  4975 | D:5      | Slain by an orc warrior

Skill      XL: |  1  2  3  4  5  6  7  8 |
---------------+-------------------------+-----
Maces & Flails | 3 4 5 6 |  6.0
Shields        | 4 5 6 |  6.3
Fighting       | 4 5 6 |  6.3
Armour         | |  3.0

Action                   |  1- 3 |  4- 6 |  7- 9 || total
-------------------------+-------+-------+-------++-------
Melee: Flail             |   124 |   228 |   111 ||   463
  Use: Potion            |       |     1 |     4 ||     5
       Scroll            |       |       |     7 ||     7
  Eat: Chunk             |     2 |     7 |     6 ||    15
Armor: Scale mail        |    55 |   128 |    49 ||   232
Dodge: Dodged            |    53 |    92 |    28 ||   173
Block: Shield            |    64 |   159 |    79 ||   302
